 Dungeon Crawl Stone Soup version 0.31-a0-1159-g800acc2fd1 (webtiles) character file.

Game seed: 2905093651463164543

579586 MacCMillion the Hoplite (level 27, -6/246 HPs)
             Began as a Ghoul Fighter on Dec 7, 2023.
             Was the Champion of Makhleb.
             Mangled by a green draconian
             ... wielding a +0 battleaxe
             ... led by Tiamat
              (25 damage)
             ... on level 3 of the Realm of Zot on Dec 8, 2023.
             The game lasted 03:23:11 (93553 turns).

MacCMillion the Hoplite (Ghoul Fighter)            Turns: 93553, Time: 03:23:12

Health: -6/246     AC: 32    Str: 34    XL:     27
Magic:  36/36      EV: 14    Int: 10    God:    Makhleb [******]
Gold:   5575       SH: 36    Dex: 16    Spells: 34/40 levels left

rFire   + + +        E - +7 demon whip (spect)
rCold   + + .        c - +8 tower shield {rC+ rF+}
rNeg    + + +        U - +2 plate armour {rF+} rPois โˆž
                     e - +2 helmet {Int+3}
rElec   +            Y - +0 cloak of Bonaed {rF+ Dex+5}
rCorr   .            A - +1 pair of gloves {Dex+3}
SInv    .            m - +1 pair of boots {Fly}
Will    ++++.        X - amulet of reflection Stlth
                     n - ring "Plog" {Contam rElec Will+ AC+4}
HPRegen 0.00/turn    r - ring of willpower
MPRegen 0.25/turn

%: reflection
@: about to teleport, corroded, flying, inhibited regen
A: claws 1, cold resistance 1, negative energy resistance 3, inhibited
regeneration, torment resistance 2, devour on kill
}: 3/15 runes: decaying, serpentine, silver
a: Renounce Religion, Minor Destruction, Lesser Servant of Makhleb, Major
Destruction, Greater Servant of Makhleb


You were on level 3 of the Realm of Zot.
You worshipped Makhleb.
Makhleb was exalted by your worship.
You visited 12 branches of the dungeon, and saw 50 of its levels.
You also visited: Ossuary and Ice Cave.

You collected 8421 gold pieces.
You spent 2846 gold pieces at shops.

Inventory:

Hand Weapons
 k - a +9 demon whip of electrocution
 E - a +7 spectral demon whip (weapon)
Missiles
 F - a throwing net
 N - 11 curare-tipped darts
Armour
 c - a +8 tower shield of resistance (worn)
 e - a +2 helmet of intelligence (worn)
 m - a +1 pair of boots of flying (worn)
 w - the +1 pair of gloves "Ifakh" {rElec Str-5 Dex+3 SInv}
   (You found it on level 9 of the Dungeon)

   Str-5:     It affects your strength (-5).
   Dex+3:     It affects your dexterity (+3).
   rElec:     It insulates you from electricity.
   SInv:      It lets you see invisible.
 A - a +1 pair of gloves of dexterity (worn)
 U - a +2 plate armour of fire resistance (worn)
 Y - the +0 cloak of Bonaed (worn) {rF+ Dex+5}
   (You bought it in a shop on level 4 of the Dungeon)

   Dex+5:     It affects your dexterity (+5).
   rF+:       It protects you from fire.
Jewellery
 b - a ring of protection from fire
 g - the ring "Odagisa" {Fire rPois Will+}
   (You found it on level 3 of the Crypt)

   [ring of fire]

   Fire:      It enhances your fire magic.
   rF+:       It protects you from fire.
   rC-:       It makes you vulnerable to cold.
   rPois:     It protects you from poison Will+: It increases your willpower.
 n - the ring "Plog" (left hand) {Contam rElec Will+ AC+4}
   (You found it on level 3 of the Vaults)

   [ring of protection]

   AC+4:      It affects your AC (+4).
   rElec:     It insulates you from electricity.
   Will+:     It increases your willpower.
   Contam:    It causes magical contamination when unequipped.
 r - a ring of willpower (right hand)
 u - a ring of protection from cold
 K - the ring "Dateph" {rElec rPois rCorr Str+4 Int-3}
   (You found it in an ossuary)

   [ring of resist corrosion]

   Str+4:     It affects your strength (+4).
   Int-3:     It affects your intelligence (-3).
   rElec:     It insulates you from electricity.
   rPois:     It protects you from poison rCorr: It protects you from acid and
   corrosion.
 W - a +6 ring of strength
 X - an amulet of reflection (around neck)
Wands
 s - a wand of paralysis (86)
 D - a wand of iceblast (47)
 I - a wand of polymorph (9)
 P - a wand of mindburst (52)
 Q - a wand of quicksilver (51)
 S - a wand of digging (22)
Scrolls
 i - 5 scrolls of blinking
 o - 2 scrolls of torment
 p - 14 scrolls of teleportation
 q - 12 scrolls of revelation
 x - 5 scrolls of immolation
 B - 2 scrolls of butterflies
 C - 6 scrolls of fog
 G - 9 scrolls of vulnerability
 O - 4 scrolls of fear
 R - 2 scrolls of enchant armour
 Z - a scroll of poison
Potions
 a - 11 potions of attraction
 d - 9 potions of brilliance
 f - 5 potions of haste
 h - a potion of ambrosia
 j - 5 potions of resistance
 l - 3 potions of magic
 t - 3 potions of heal wounds
 v - 17 potions of curing
 y - 5 potions of cancellation
 J - 7 potions of degeneration
 L - 5 potions of berserk rage
 M - 3 potions of might
 T - 6 potions of invisibility
 V - 3 potions of enlightenment


   Skills:
 - Level 20.0 Fighting
 - Level 2.2(10.6) Axes
 - Level 15.9(16.0) Maces & Flails
 - Level 20.0 Armour
 - Level 10.0 Dodging
 - Level 23.0 Shields
 - Level 7.0 Spellcasting
 + Level 8.3 Translocations
 - Level 20.0 Invocations
 - Level 5.0 Evocations


You had 34 spell levels left.
You knew the following spells:

 Your Spells              Type           Power      Damage    Failure   Level
a - Blink                 Tloc           40%        N/A       4%          2
b - Manifold Assault      Tloc           20%        N/A       26%         4

Your spell library contained the following spells:

 Spells                   Type           Power      Damage    Failure   Level
 Apportation              Tloc           40%        N/A       2%          1
 Lesser Beckoning         Tloc           40%        N/A       4%          2
 Gell's Gravitas          Tloc           20%        N/A       8%          3
 Teleport Other           Tloc           20%        N/A       8%          3
 Momentum Strike          Conj/Tloc      22%        3d8       22%         2
 Passage of Golubria      Tloc           20%        N/A       26%         4
 Volatile Blastmotes      Fire/Tloc      22%        2d11      41%         3
 Freeze                   Ice            12%        1d3       63%         1
 Magic Dart               Conj           12%        1d3       63%         1
 Necrotise                Necr           12%        1d4       63%         1
 Sandblast                Erth           6%         2d5       63%         1
 Shock                    Conj/Air       12%        1d3       63%         1
 Slow                     Hex            12%        N/A       63%         1
 Summon Small Mammal      Summ           12%        N/A       63%         1
 Call Imp                 Summ           6%         N/A       77%         2
 Cigotuvi's Dreadful Rot  Necr/Pois/Air  6%         N/A       77%         2
 Ensorcelled Hibernation  Hex/Ice        6%         N/A       77%         2
 Scorch                   Fire           6%         2d5       77%         2
 Static Discharge         Conj/Air       6%         3-4/arc   77%         2
 Dimensional Bullseye     Hex/Tloc       5%         N/A       82%         4
 Vhi's Electric Charge    Tloc/Air       22%        N/A       82%         4
 Call Canine Familiar     Summ           3%         N/A       94%         3
 Confusing Touch          Hex            3%         N/A       94%         3
 Dazzling Flash           Conj/Hex       6%         N/A       94%         3
 Frozen Ramparts          Ice            6%         1d1       94%         3
 Hailstorm                Conj/Ice       3%         3d5       94%         3
 Ignite Poison            Fire/Tmut/Pois 3%         N/A       94%         3
 Inner Flame              Hex/Fire       3%         N/A       94%         3
 Mephitic Cloud           Conj/Pois/Air  3%         N/A       94%         3
 Ozocubu's Armour         Ice            3%         N/A       94%         3
 Sigil of Binding         Hex            3%         N/A       94%         3
 Stone Arrow              Conj/Erth      6%         3d7       94%         3
 Summon Guardian Golem    Hex/Summ       3%         N/A       94%         3
 Swiftness                Air            3%         N/A       94%         3
 Tukima's Dance           Hex            3%         N/A       94%         3
 Vampiric Draining        Necr           3%         2d6       94%         3
 Summon Forest            Summ/Tloc      5%         N/A       99%         5
 Dispersal                Tloc           10%        N/A       99%         6
 Airstrike                Air            1%         2d(1-17)  100%        4
 Anguish                  Hex/Necr       1%         N/A       100%        4
 Animate Armour           Summ/Erth      6%         N/A       100%        4
 Animate Dead             Necr           3%         N/A       100%        4
 Brom's Barrelling Bould  Conj/Erth      3%         2d3       100%        4
 Cause Fear               Hex            1%         N/A       100%        4
 Dispel Undead            Necr           3%         3d7       100%        4
 Flame Wave               Conj/Fire      3%         2d5       100%        4
 Leda's Liquefaction      Hex/Erth       1%         N/A       100%        4
 Petrify                  Tmut/Erth      3%         N/A       100%        4
 Sticky Flame             Conj/Fire      3%         2d3       100%        4
 Summon Lightning Spire   Summ/Air       3%         N/A       100%        4
 Agony                    Necr           3%         N/A       100%        5
 Arcjolt                  Conj/Air       1%         1d11      100%        5
 Borgnjor's Vile Clutch   Necr/Erth      1%         N/A       100%        5
 Fireball                 Conj/Fire      1%         3d3       100%        5
 Freezing Cloud           Conj/Ice/Air   1%         6-21      100%        5
 Irradiate                Conj/Tmut      1%         3d12      100%        5
 Iskenderun's Battlesphe  Conj           3%         2d6       100%        5
 Metabolic Englaciation   Hex/Ice        1%         N/A       100%        5
 Yara's Violent Unravell  Hex/Tmut       1%         3d3       100%        5
 Bombard                  Conj/Erth      1%         9d1       100%        6
 Conjure Ball Lightning   Conj/Air       1%         3x3d6     100%        6
 Death Channel            Necr           1%         N/A       100%        6
 Plasma Beam              Fire/Air       1%         2x1d11    100%        6
 Starburst                Conj/Fire      1%         6d3       100%        6
 Summon Cactus Giant      Summ           1%         N/A       100%        6
 Enfeeble                 Hex            1%         N/A       100%        7
 Haunt                    Necr/Summ      1%         N/A       100%        7
 Orb of Destruction       Conj           1%         9d5       100%        7
 Ozocubu's Refrigeration  Ice            1%         4d7       100%        7
 Spellforged Servitor     Conj/Summ      1%         N/A       100%        7
 Summon Hydra             Summ           1%         N/A       100%        7
 Discord                  Hex            1%         N/A       100%        8
 Disjunction              Tloc           10%        N/A       100%        8
 Ignition                 Fire           1%         3d3       100%        8
 Lehudib's Crystal Spear  Conj/Erth      1%         10d2      100%        8
 Maxwell's Capacitive Co  Air            1%         โˆž       100%        8
 Chain Lightning          Conj/Air       1%         3d2       100%        9
 Fire Storm               Conj/Fire      1%         8d1       100%        9
 Shatter                  Erth           1%         3d6*      100%        9
 Sublimation of Blood     Necr           Unusable   N/A       N/A         2
 Wereblood                Tmut           Unusable   N/A       N/A         2
 Death's Door             Necr           Unusable   N/A       N/A         9

Dungeon Overview and Level Annotations

Branches:
Dungeon (15/15)            Temple (1/1) D:5            Lair (5/5) D:10
  Swamp (4/4) Lair:2        Snake (4/4) Lair:2        Slime (1/5) Lair:4
    Orc (2/2) D:9             Elf (3/3) Orc:2        Vaults (5/5) D:14
  Crypt (3/3) Vaults:2       Tomb (0/3) Crypt:3      Depths (4/4) D:15
    Zot (3/5) Depths:4    Ossuary (visited)           IceCv (visited)

Altars:
Ashenzari
Cheibriados
Dithmenos
Fedhas
Gozag
Hepliaklqana
Kikubaaqudgha
Makhleb
Nemelex Xobeh
Okawaru
Qazlal
Ru
Sif Muna
Trog
Uskayaw
Vehumet
Wu Jian
Xom
Yredelemnul

Shops:
D:4 *   D:11 *   D:12 (**   D:14 [   Orc:2 (!=[   Elf:1 ??!*(?   Snake:1 :
Vaults:1 !*!**   Depths:1 *

Portals:
Hell: Depths:1 Depths:2 Depths:3 Depths:4
Abyss: Depths:2 Depths:3
Pandemonium: Depths:2 Depths:4
Ziggurat: Depths:1

Annotations:
Lair:2 exclusion: oklob plant
Elf:2 3 runed translucent doors
Depths:1 exclusions: eye of devastation and 2 shining eyes
Depths:3 1 exclusion
Depths:4 4 transporters, exclusion: door
Zot:3 Tiamat


Innate Abilities, Weirdness & Mutations

You are immune to poison.
You have sharp fingernails.
Your flesh is cold resistant. (rC+)
You are immune to negative energy. (rN+++)
You do not regenerate when monsters are visible.
You are immune to unholy pain and torment.
You thrive by killing the living.


Message History

* * * LOW HITPOINT WARNING * * *
Something hits you.
* * * LOW HITPOINT WARNING * * *
The moth of wrath bites your +7 spectral demon whip!!
Your spectral weapon shares its damage with you!
* * * LOW HITPOINT WARNING * * *
You block the green draconian's attack.
The green draconian tail-slaps you but does no damage.
You feel much better.
Your +7 spectral demon whip disappears.
The moth of wrath looks more healthy.
You block Tiamat's attack. You block something's attack.
You block the green draconian's attack.
The green draconian tail-slaps you but does no damage.
You block Tiamat's attack. Something hits you but does no damage.
You block the green draconian's attack. x2
The black draconian knight breathes lightning at you.
The bolt of lightning hits you! You resist.
* * * LOW HITPOINT WARNING * * *
The bolt of lightning hits you. You resist.
* * * LOW HITPOINT WARNING * * *
The bolt of lightning hits the black draconian knight.
The black draconian knight completely resists.
You hear some strange, mumbled words.
The yellow draconian annihilator casts a spell.
The yellow draconian annihilator blinks!
You hear some strange, mumbled words.
A bolt of cold appears from out of thin air!
The bolt of cold hits you! You resist.
* * * LOW HITPOINT WARNING * * *
You block the green draconian's attack. The green draconian tail-slaps you!
* * * LOW HITPOINT WARNING * * *
There is a stone staircase leading up, spattered with blood here.
You see here a +0 mace.
Tiamat is no longer covered in acid.
You block the green draconian's attack. x2
Tiamat hits you but does no damage.
You block the black draconian knight's attack.
You block the green draconian's attack.
The green draconian tail-slaps you but does no damage.
The green draconian hits you with a +0 battleaxe!!
You die...

####.........'.....#.##..## ##...
#..##......d##....####..## ##..
....##.....##....####...'dqyq.###
.....##...###.^.###.#...##dd{## #
......##'##.#####.#.d....# .##
.......#.q...#..#d..##....# #
.......'..#.ยง#.##y#..##...#
......###.##...#qd#...######
..)..###..#...d{@###.###...#
#...#######...#d.##...#....#
#'#####...#.โ—‹.#######......#
#.....##.##..##..##.##...###
......#...####....#..##.#####
.................[#.....###..###
..##.....##.#...#....#..#......#
.###.......##...###..#.## .....##
.#####.###......#.##.#..##+#....#


You could see Tiamat (berserk), a black draconian knight, 2 draconians, a purple
draconian, a yellow draconian annihilator and a moth of wrath.

Vanquished Creatures
  3 dread liches
  Mara (Vaults:3)
  Mennas (Crypt:1)
  An ancient lich (Crypt:3)
  A juggernaut (Depths:2)
  Sojobo (Vaults:5)
  Vv (Zot:1)
  Vashnia (Snake:3)
  Bai Suzhen (Vaults:3)
  5 caustic shrikes (Depths:2)
  3 curse toes
  5 golden dragons
  Jory (Vaults:5)
  An electric golem (Zot:2)
  Jorgrun (Snake:2)
  Mlioglotl (Swamp:2)
  Zenata (Vaults:3)
  A shard shrike zombie (Crypt:2)
  3 liches
  Asterion (Elf:3)
  2 deep elf blademasters (Elf:3)
  A walking earthen tome (Depths:1)
  8 tentacled monstrosities
  2 deep elf master archers (Elf:3)
  3 sphinxes
  A walking frostbound tome (Depths:3)
  A walking divine tome (Depths:3)
  4 quicksilver dragons
  Gastronok (Lair:2)
  An acid blob (Slime:1)
  7 death cobs
  5 titans
  3 ancient champions
  2 thorn hunters
  Frances (D:14)
  Kirke (Swamp:1)
  9 shadow dragons
  11 tengu reavers
  10 storm dragons
  Aizul (Swamp:2)
  2 draconian monks (Depths:4)
  Donald (Vaults:3)
  A revenant (Crypt:1)
  9 nagarajas
  9 fire giants
  5 frost giants
  2 azure jellies
  9 deep elf sorcerers
  3 iron dragons
  16 vault wardens
  2 juggernaut zombies (Crypt:3)
  2 curse skulls
  5 draconian scorchers
  2 draconian stormcallers
  A ghost moth (Zot:3)
  4 deep elf elementalists
  3 draconian shifters
  23 ironbound preservers
  2 spriggan defenders (Depths:2)
  3 draconian annihilators (Zot:1)
  8 war gargoyles
  A reaper (Depths:4)
  14 very ugly things
  7 ironbound thunderhulks
  3 orc warlords
  17 stone giants
  7 deep elf demonologists
  6 vampire knights
  7 black draconians
  7 green draconians
  7 purple draconians
  5 yellow draconians
  8 eleionomae
  2 bunyips
  9 dire elephants
  7 spark wasps
  11 red draconians
  3 deep elf annihilators (Elf:3)
  14 white draconians
  A quicksilver dragon zombie (Crypt:1)
  4 eidola
  12 deep elf death magi
  Snorg (Lair:3)
  17 ettins
  4 entropy weavers
  5 deep elf high priests
  11 fire dragons
  12 jiangshi
  18 yaktaur captains
  2 shambling mangroves (Swamp:3)
  11 hydras
  7 great orbs of eyes
  A spriggan zombie (Crypt:3)
  26 vault guards
  Erolcha (Orc:1)
  4 rakshasas (D:15)
  6 ice dragons
  4 ogre magi
  A caustic shrike simulacrum (IceCv)
  A ghost crab (Swamp:3)
  3 alligators
  2 peacekeepers
  8 ironbound frosthearts
  5 spriggan air magi
  Erica (Lair:2)
  9 centaur warriors
  Fannar (D:11)
  2 catoblepae (Lair:5)
  12 anacondas
  9 boulder beetles
  23 naga warriors
  18 two-headed ogres
  7 tengu warriors
  A deep troll shaman (Depths:2)
  A hell hog (Lair:5)
  A death knight (Crypt:1)
  17 dancing weapons
  7 deep troll earth magi
  5 death yaks
  20 naga sharpshooters
  3 spriggan berserkers (Depths:4)
  7 vampire magi
  8 shock serpents
  Sonja (Lair:3)
  12 spriggans
  2 orc high priests
  8 hell knights (Crypt:3)
  Nergalle (Lair:2)
  4 deep elf knights
  A soul eater (Crypt:1)
  An emperor scorpion zombie (Crypt:2)
  5 iron trolls
  10 skeletal warriors
  A fire crab (shapeshifter) (D:15)
  2 shadow wraiths
  A skyshark (Lair:3)
  A death drake (Swamp:1)
  3 salamander mystics
  A fire crab (Lair:4)
  7 goliath frogs
  A spark wasp zombie (Crypt:2)
  61 deep trolls
  A sea snake (Snake:2)
  A bunyip zombie (Crypt:3)
  4 glowing orange brains
  3 spriggan druids
  11 swamp dragons
  An anaconda zombie (Crypt:3)
  11 flayed ghosts
  3 arcanists
  4 deep elf archers (Elf:2)
  5 bog bodies
  6 naga ritualists
  15 phantasmal warriors
  10 lindwurms
  4 orc knights
  A shadow demon (Depths:4)
  17 deep elf zephyrmancers
  11 ironbound convokers
  11 deep elf pyromancers
  8 mana vipers
  A shadow dragon zombie (Crypt:1)
  2 necromancers
  A shadow dragon skeleton (Crypt:2)
  4 manticores
  A harpy (Vaults:1)
  A shining eye (shapeshifter) (Vaults:5)
  7 cyclopes
  2 stone giant zombies (Crypt:3)
  7 will-o-the-wisps
  A shining eye (Slime:1)
  19 ugly things
  11 moths of wrath
  15 salamanders
  12 elephants
  3 kobold blastminers
  8 guardian serpents
  33 black mambas
  An iron dragon skeleton (Crypt:3)
  5 gargoyles
  16 naga magi
  12 vault sentinels
  7 smoke demons
  An efreet (D:15)
  6 unseen horrors
  A centaur skeleton (Crypt:3)
  17 cane toads
  10 komodo dragons
  A dire elephant skeleton (Crypt:3)
  37 yaktaurs
  An unseen horror (shapeshifter) (D:15)
  2 naga skeletons
  6 torpor snails (Lair:5)
  13 freezing wraiths
  3 rime drakes
  A black draconian skeleton (Crypt:2)
  An anaconda simulacrum (IceCv)
  A green draconian skeleton (Crypt:2)
  A golden dragon simulacrum (IceCv)
  2 tengu conjurers
  A kobold demonologist (D:12)
  A sea snake skeleton (Crypt:2)
  14 trolls
  3 red devils (Crypt:3)
  A harpy zombie (Crypt:1)
  14 tyrant leeches
  21 hornets
  13 polar bears
  16 blink frogs
  A tarantella (Vaults:1)
  4 glass eyes
  4 raiju (Lair:5)
  A hydra skeleton (Crypt:3)
  A harpy skeleton (Crypt:1)
  A glass eye (shapeshifter) (Vaults:5)
  12 dream sheep (Lair:4)
  A fire dragon zombie (Crypt:1)
  A culicivora zombie (Crypt:1)
  An ettin zombie (Crypt:3)
  Prince Ribbit (Lair:2)
  9 flying skulls
  47 slime creatures
  An air elemental (Elf:1)
  An ice dragon skeleton (Crypt:1)
  30 yaks
  10 wraiths
  3 vampires
  2 water elementals
  6 shadows
  A yak (shapeshifter) (Vaults:3)
  2 dire elephant simulacra (IceCv)
  3 wyverns
  3 steam dragons
  An ettin skeleton (Crypt:2)
  5 hogs
  Grum (D:8)
  6 basilisks
  A golden eye (shapeshifter) (D:15)
  A redback (Vaults:1)
  A redback (shapeshifter) (Vaults:5)
  4 vampire mosquitoes
  2 harpy simulacra (IceCv)
  A swamp worm (shapeshifter) (Depths:2)
  7 wargs
  42 nagas
  An acid dragon (shapeshifter) (D:13)
  15 swamp worms
  Duvessa (D:4)
  3 hydra simulacra (IceCv)
  4 acid dragons
  13 hell hounds (Lair:5)
  25 water moccasins
  3 ice beasts
  14 black bears
  2 hornet zombies (Ossuary)
  An ettin simulacrum (IceCv)
  8 swamp drakes
  14 orc warriors
  3 sky beasts
  27 ogres
  32 wolves
  A blink frog skeleton (Crypt:1)
  14 centaurs
  2 kobold brigands (D:7)
  4 necrophages (Lair:3)
  20 bullfrogs
  2 wyvern zombies (Ossuary)
  A scorpion (D:5)
  5 water moccasin zombies (Ossuary)
  Dowan (D:4)
  5 wights
  A troll zombie (Crypt:1)
  9 killer bees
  3 lindwurm simulacra (IceCv)
  3 electric eels
  4 howler monkeys
  4 bullfrog zombies (Ossuary)
  2 centaur zombies (Ossuary)
  5 hounds
  3 lava snakes
  4 jellies
  A basilisk zombie (Crypt:1)
  8 orc priests
  Ijyb (D:4)
  Natasha (thrice) (D:2)
  A human skeleton (Crypt:1)
  6 iguanas
  6 hell rats (Lair:1)
  26 orc wizards
  3 killer bee zombies (Ossuary)
  14 mummies (Ossuary)
  A howler monkey zombie (Ossuary)
  Robin (D:2)
  3 gnolls (D:4)
  3 adders
  13 river rats (Lair:1)
  3 white imps
  2 ufetubi (D:6)
  An iguana skeleton (Crypt:1)
  3 worms
  3 dart slugs
  65 orcs
  A bat zombie (D:9)
  3 endoplasms
  3 giant cockroaches (D:4)
  11 goblins
  9 hobgoblins
  4 jackals (D:5)
  16 kobolds
  11 quokkas
  A ball python (D:1)
  9 bats
  3 frilled lizards (D:1)
  A goblin zombie (D:8)
  A quokka zombie (D:8)
  14 rats
2012 creatures vanquished.

Vanquished Creatures (collateral kills)
  3 tentacled monstrosities (Vaults:5)
  2 storm dragons (Vaults:5)
  2 nagarajas (Snake:4)
  An iron dragon (Vaults:5)
  2 vault wardens
  Louise (Snake:4)
  A stone giant (Vaults:5)
  A war gargoyle (Vaults:5)
  A fire dragon (Swamp:4)
  2 ettins (Vaults:5)
  A yaktaur captain (Vaults:5)
  A deep elf high priest (Vaults:5)
  2 vault guards
  2 salamander tyrants (Snake:4)
  An alligator (Swamp:4)
  4 hydras
  2 boulder beetles (Lair:3)
  A hell knight (Vaults:5)
  A salamander mystic (Snake:4)
  An orb spider (shapeshifter) (Vaults:5)
  A deep troll (Vaults:1)
  3 swamp dragons (Swamp:4)
  3 lindwurms (Swamp:4)
  2 ironbound convokers (Vaults:5)
  2 harpies (Vaults:1)
  2 will-o-the-wisps (Swamp:4)
  A slime creature (Vaults:1)
  3 vault sentinels
  An eye of devastation (shapeshifter) (Vaults:5)
  A komodo dragon (Lair:2)
  4 yaktaurs
  A redback (Vaults:1)
  4 swamp drakes (Swamp:4)
  An orc warrior (Orc:1)
  An ogre (Orc:1)
  An orc priest (Orc:1)
  2 orc wizards (Orc:1)
  3 orcs (D:8)
68 creatures vanquished.

Vanquished Creatures (others)
  A draconian knight (Zot:2)
  2 draconian scorchers
  A fire giant (Vaults:5)
  A draconian stormcaller (Zot:1)
  An ettin (Depths:4)
  3 bloated husks
  A swamp worm (Swamp:3)
  A naga (Snake:4)
  2 ogres (Vaults:5)
  An orc wizard (D:8)
  17 foxfires
  3 spectral weapons (Zot:3)
34 creatures vanquished.

Grand Total: 2114 creatures vanquished

Notes
Turn   | Place    | Note
-------+----------+-------------------------------------------
     0 | D:1      | MacCMillion the Ghoul Fighter began the quest for the Orb.
     0 | D:1      | Reached XP level 1. HP: 19/19 MP: 0/0
    78 | D:1      | Found a faded altar of an unknown god.
   127 | D:1      | Reached XP level 2. HP: 26/26 MP: 1/1
   258 | D:1      | Reached skill level 3 in Shields
   716 | D:2      | Reached XP level 3. HP: 30/31 MP: 2/2
   795 | D:2      | Noticed Natasha
   976 | D:2      | Killed Natasha
   977 | D:2      | Reached skill level 1 in Maces & Flails
   977 | D:2      | Reached XP level 4. HP: 38/38 MP: 3/3
  1062 | D:2      | Noticed Robin
  1072 | D:2      | Killed Robin
  1173 | D:2      | Noticed Natasha
  1180 | D:2      | Killed Natasha
  1305 | D:3      | Reached XP level 5. HP: 41/45 MP: 4/4
  1414 | D:3      | Reached skill level 4 in Shields
  1750 | D:3      | You fall into a shaft and drop 2 floors!
  1750 | D:5      | Entered Level 5 of the Dungeon
  1911 | D:5      | Found a staircase to the Ecumenical Temple.
  1946 | Temple   | Entered the Ecumenical Temple
  1960 | Temple   | Became a worshipper of Makhleb the Destroyer
  2011 | D:5      | Reached XP level 6. HP: 51/51 MP: 5/5
  2108 | D:4      | Noticed a black bear
  2129 | D:4      | Killed a black bear
  2147 | D:4      | Reached XP level 7. HP: 36/58 MP: 6/6
  2248 | D:4      | Reached skill level 5 in Maces & Flails
  2713 | D:4      | Found a broken altar of Ashenzari.
  3027 | D:4      | Noticed Duvessa
  3027 | D:4      | Noticed Dowan
  3036 | D:4      | Killed Duvessa
  3066 | D:4      | Killed Dowan
  3067 | D:4      | Reached skill level 5 in Fighting
  3067 | D:4      | Reached XP level 8. HP: 37/68 MP: 7/7
  3393 | D:4      | Noticed Ijyb
  3398 | D:4      | Killed Ijyb
  3402 | D:4      | Found Fexa's Neck Hole.
  3512 | D:5      | Found an iron altar of Okawaru.
  3517 | D:5      | Reached * piety under Makhleb
  3836 | D:5      | Reached skill level 1 in Invocations
  4226 | D:5      | Found a snail-covered altar of Cheibriados.
  4529 | D:6      | Found a bloodstained altar of Trog.
  4563 | D:6      | Reached skill level 5 in Armour
  4853 | D:6      | Reached XP level 9. HP: 75/75 MP: 10/10
  5012 | D:6      | Found a blossoming altar of Fedhas.
  5921 | D:7      | Identified the +8 quarterstaff of the Distant Future
                  | {spect, rElec Will- Str+6}
  6145 | D:8      | Found a sand-covered staircase.
  6158 | Ossuary  | Entered an ossuary
  6168 | Ossuary  | Reached ** piety under Makhleb
  6238 | Ossuary  | HP: 3/79 [killer bee zombie (4)]
  6243 | Ossuary  | HP: 2/79 [killer bee zombie (1)]
  6264 | Ossuary  | Reached skill level 5 in Invocations
  6560 | Ossuary  | Reached XP level 10. HP: 84/88 MP: 13/13
  6718 | Ossuary  | Identified the ring "Dateph" {rElec rPois rCorr Str+4
                  | Int-3}
  7349 | D:7      | Upgraded the game from 0.31-a0-1147-g46bab52692 to
                  | 0.31-a0-1159-g800acc2fd1
  7572 | D:8      | Reached *** piety under Makhleb
  7589 | D:8      | Noticed Grum
  7770 | D:8      | Killed Grum
  7985 | D:9      | Found a hazy altar of Hepliaklqana.
  8411 | D:9      | Found a staircase to the Orcish Mines.
  8638 | D:9      | Identified the +1 pair of gloves "Ifakh" {rElec Str-5 Dex+3
                  | SInv}
  8682 | D:9      | Found an ancient bone altar of Kikubaaqudgha.
  8725 | D:10     | Entered Level 10 of the Dungeon
  8817 | D:10     | Reached XP level 11. HP: 97/97 MP: 15/15
  8938 | D:10     | Reached **** piety under Makhleb
  9010 | D:10     | Found a sacrificial altar of Ru.
  9067 | D:10     | Found a staircase to the Lair.
  9074 | D:10     | Noticed a two-headed ogre
  9826 | D:10     | Noticed a two-headed ogre
  9835 | D:10     | Killed a two-headed ogre
  9991 | D:10     | Killed a two-headed ogre
 10308 | D:10     | Reached skill level 10 in Fighting
 10642 | D:10     | Found a sacrificial altar of Ru.
 10770 | D:10     | Found a staircase to the Lair.
 11110 | D:11     | Noticed a two-headed ogre
 11111 | D:11     | Noticed Fannar
 11363 | D:11     | Found Qogeif's Assorted Antiques.
 11638 | D:11     | Killed a two-headed ogre
 11775 | D:11     | Killed Fannar
 12183 | D:11     | Reached XP level 12. HP: 78/106 MP: 16/18
 12583 | D:11     | Noticed a boulder beetle
 12823 | Lair:1   | Entered Level 1 of the Lair of Beasts
 12866 | Lair:1   | Reached skill level 10 in Maces & Flails
 13466 | D:2      | Noticed Natasha
 13471 | D:2      | Killed Natasha
 13662 | Lair:1   | Reached skill level 10 in Invocations
 14230 | Lair:1   | Reached ***** piety under Makhleb
 14329 | Lair:1   | Reached skill level 10 in Armour
 14904 | Lair:2   | Noticed an eight-headed hydra
 14904 | Lair:2   | Noticed a four-headed hydra
 14912 | Lair:2   | Killed a four-headed hydra
 14916 | Lair:2   | Killed an eight-headed hydra
 14918 | Lair:2   | Noticed a death yak
 14927 | Lair:2   | Noticed a death yak
 14960 | Lair:1   | Killed a death yak
 15095 | Lair:2   | Killed a death yak
 15096 | Lair:2   | Reached XP level 13. HP: 114/114 MP: 19/19
 15267 | Lair:2   | Noticed Prince Ribbit
 15288 | Lair:2   | Killed Prince Ribbit
 15488 | Lair:2   | Noticed Gastronok
 15738 | Lair:2   | Noticed Erica
 15786 | Lair:2   | Killed Erica
 15903 | Lair:2   | Found a staircase to the Snake Pit.
 15904 | Lair:2   | Noticed Nergalle
 15926 | Lair:2   | Killed Nergalle
 16274 | Lair:2   | Found a staircase to the Swamp.
 16532 | Lair:2   | Killed Gastronok
 17890 | Lair:3   | Noticed Snorg
 17906 | Lair:3   | Killed Snorg
 18333 | Lair:3   | Reached XP level 14. HP: 52/127 MP: 12/22
 18708 | Lair:4   | Noticed Sonja
 18903 | Lair:4   | Found a staircase to the Slime Pits.
 19775 | Lair:3   | Killed Sonja
 21005 | Lair:5   | Entered Level 5 of the Lair of Beasts
 21118 | Lair:5   | Reached ****** piety under Makhleb
 22049 | Lair:5   | Reached skill level 1 in Evocations
 22755 | Lair:5   | Reached XP level 15. HP: 122/137 MP: 21/24
 24138 | Orc:1    | Entered Level 1 of the Orcish Mines
 24151 | Orc:1    | Noticed Erolcha
 24292 | Orc:1    | Killed Erolcha
 24971 | Orc:2    | Entered Level 2 of the Orcish Mines
 25121 | Orc:2    | Found Suowyab's Antique Armour Shoppe.
 25121 | Orc:2    | Found Vole's Distillery.
 25121 | Orc:2    | Found Arphuf's Weapon Shop.
 25121 | Orc:2    | Found Desos's Jewellery Boutique.
 26044 | Orc:2    | Found a staircase to the Elven Halls.
 26536 | Orc:2    | Reached skill level 5 in Evocations
 26966 | Orc:2    | Reached skill level 15 in Fighting
 26984 | Orc:2    | Bought a potion of cancellation for 128 gold pieces
 26984 | Orc:2    | Bought a potion of invisibility for 128 gold pieces
 27523 | Orc:2    | Bought a pair of embroidered boots for 127 gold pieces
 27523 | Orc:2    | Bought a pair of glowing gloves for 127 gold pieces
 27646 | D:11     | Reached skill level 15 in Invocations
 27878 | D:12     | Found Zydeb's General Store.
 27914 | D:12     | Reached skill level 1 in Dodging
 27924 | D:12     | Bought a scroll of revelation for 120 gold pieces
 28232 | D:12     | Found Luhine's Antique Weapon Shop.
 28542 | D:12     | Found Icyrosk's General Store.
 28545 | D:12     | Bought a scroll of identify for 36 gold pieces
 28545 | D:12     | Bought a scroll of identify for 36 gold pieces
 28827 | D:13     | Reached XP level 16. HP: 147/149 MP: 22/26
 29721 | D:4      | Bought the +0 cloak of Bonaed {rF+ Dex+5} for 406 gold
                  | pieces
 30698 | D:14     | Found Cheibriados's Comfort Zone.
 30702 | D:14     | Found a snail-covered altar of Cheibriados.
 30733 | D:14     | Noticed Frances
 30743 | D:14     | Killed Frances
 31118 | D:14     | Found a gate to the Vaults.
 31911 | D:15     | Entered Level 15 of the Dungeon
 32217 | D:15     | Reached skill level 15 in Armour
 33735 | D:15     | Found a staircase to the Depths.
 34025 | Snake:1  | Entered Level 1 of the Snake Pit
 34182 | Snake:1  | Found Fuiqyirui's Tremendous Tomes.
 34307 | Snake:1  | Reached skill level 5 in Dodging
 34391 | Snake:1  | Found a frozen archway.
 34397 | IceCv    | Entered an ice cave
 36238 | Snake:2  | Reached XP level 17. HP: 157/157 MP: 27/27
 36658 | Snake:2  | Reached skill level 5 in Shields
 36928 | Snake:2  | Noticed Jorgrun
 36961 | Snake:2  | Killed Jorgrun
 36972 | Snake:2  | Reached skill level 6 in Shields
 37690 | Snake:2  | Reached skill level 7 in Shields
 38147 | Snake:3  | Reached skill level 8 in Shields
 39004 | Snake:3  | Reached skill level 9 in Shields
 40137 | Snake:4  | Entered Level 4 of the Snake Pit
 40364 | Snake:4  | Reached skill level 10 in Shields
 40474 | Snake:4  | Noticed Vashnia
 40522 | Snake:3  | Killed Vashnia
 41128 | Snake:4  | Reached skill level 11 in Shields
 41632 | Snake:4  | Reached XP level 18. HP: 162/166 MP: 28/28
 41915 | Snake:4  | Reached skill level 12 in Shields
 42580 | Snake:4  | Reached skill level 13 in Shields
 42989 | Snake:4  | Noticed Louise
 43008 | Snake:4  | Killed Louise
 43063 | Snake:4  | Got a serpentine rune of Zot
 43464 | Swamp:1  | Entered Level 1 of the Swamp
 43663 | Swamp:1  | Reached skill level 14 in Shields
 43803 | Swamp:1  | Noticed Kirke
 44042 | Swamp:1  | Killed Kirke
 44840 | Swamp:2  | Noticed Mlioglotl
 45090 | Swamp:2  | Killed Mlioglotl
 45091 | Swamp:2  | Reached skill level 15 in Shields
 45359 | Swamp:2  | Identified the serpent talisman of Parts Unknown {rC- Dex+3
                  | Stlth+}
 45359 | Swamp:2  | Noticed Aizul
 45391 | Swamp:2  | Killed Aizul
 45392 | Swamp:2  | Reached XP level 19. HP: 162/172 MP: 29/29
 46451 | Swamp:3  | Reached skill level 16 in Shields
 47087 | Swamp:4  | Entered Level 4 of the Swamp
 47747 | Swamp:4  | Reached skill level 17 in Shields
 48508 | Swamp:4  | Got a decaying rune of Zot
 48755 | Elf:1    | Entered Level 1 of the Elven Halls
 48912 | Elf:1    | Found Fegoutit's Assorted Antiques.
 49090 | Elf:1    | Found Keadd's Antique Weapon Shop.
 49091 | Elf:1    | Paralysed by an air elemental for 1 turns
 49231 | Elf:1    | Found Ocim's Magic Scroll Emporium.
 49465 | Elf:1    | Found Liufimog's Magic Scroll Boutique.
 49480 | Elf:1    | Bought 3 scrolls of blinking for 247 gold pieces
 49480 | Elf:1    | Bought a scroll of enchant weapon for 82 gold pieces
 49519 | Elf:1    | Found Iqorph's Distillery.
 49519 | Elf:1    | Found Raimeps's Magic Scroll Emporium.
 49538 | Elf:1    | Bought a scroll of acquirement for 884 gold pieces
 49538 | Elf:1    | Acquired 749 gold pieces
 49700 | Elf:2    | Noticed an Ice Fiend
 49944 | Elf:2    | Reached skill level 18 in Shields
 50483 | Elf:2    | Found a runed translucent gate.
 50484 | Elf:2    | Found a runed translucent gate.
 50484 | Elf:2    | Found a runed translucent gate.
 50794 | Elf:2    | Reached XP level 20. HP: 171/180 MP: 30/30
 51030 | Vaults:1 | Entered Level 1 of the Vaults
 51055 | Vaults:1 | Reached skill level 19 in Shields
 51055 | Vaults:1 | Reached XP level 21. HP: 181/187 MP: 31/31
 51368 | Vaults:1 | Found Usiluxoj's General Store.
 52005 | Vaults:1 | Found Maem's General Store.
 52141 | Vaults:1 | Reached skill level 20 in Shields
 52570 | Vaults:1 | Found Tovvosui's Distillery.
 52684 | Vaults:1 | Found Naineung's Assorted Antiques.
 52923 | Vaults:1 | Found Boyhaora's Distillery.
 53008 | Vaults:1 | Found Naineung's Assorted Antiques.
 53498 | Vaults:1 | Found Maem's General Store.
 53683 | Vaults:1 | Found Usiluxoj's General Store.
 53756 | Vaults:1 | Found Tovvosui's Distillery.
 54293 | Vaults:2 | Reached skill level 21 in Shields
 54896 | Vaults:2 | Found a staircase to the Crypt.
 55211 | Vaults:2 | Identified the +0 chain mail of Zuise {Harm *Corrode rPois
                  | Regen+}
 56134 | Vaults:2 | Reached XP level 22. HP: 195/195 MP: 33/33
 56691 | Vaults:2 | Found a staircase to the Crypt.
 57315 | Vaults:3 | Noticed Zenata
 57463 | Vaults:3 | Killed Zenata
 57506 | Vaults:3 | Noticed Mara
 57524 | Vaults:3 | Killed Mara
 57577 | Vaults:3 | Identified the amulet of Agier {RegenMP rPois}
 57743 | Vaults:3 | Noticed Bai Suzhen
 57779 | Vaults:3 | Killed Bai Suzhen
 58003 | Vaults:3 | Noticed Donald
 58013 | Vaults:3 | Killed Donald
 58141 | Vaults:3 | Identified the ring "Plog" {Contam rElec Will+ AC+4}
 58152 | Vaults:3 | Identified the +1 dagger "Sairured" {vamp, Will+ rCorr}
 58153 | Vaults:3 | Identified the +7 short sword of the Ancients {freeze,
                  | rPois}
 58605 | Vaults:4 | Identified the +5 trident "Qohion" {spect, rF+}
 58746 | Vaults:4 | Identified the +7 long sword of Ataepeupn {flame, rElec}
 59980 | Vaults:5 | Entered Level 5 of the Vaults
 59984 | Vaults:5 | Reached XP level 23. HP: 209/209 MP: 34/34
 60787 | Depths:1 | Entered Level 1 of the Depths
 61543 | Depths:1 | Found a gateway to Hell.
 61591 | Depths:1 | Found Fogo's Changing Room.
 62712 | Depths:1 | Identified the staff of the Iron City of Dis {rF+ Int+5
                  | Fire}
 63200 | Depths:1 | Found a one-way gateway to a ziggurat.
 63483 | Depths:2 | You are sucked into a shaft and drop 2 floors!
 63483 | Depths:4 | Entered Level 4 of the Depths
 63699 | Depths:4 | Found a transporter.
 63724 | Depths:4 | Found a transporter.
 63741 | Depths:4 | Found a transporter.
 63954 | Depths:4 | Found a one-way gate leading to the halls of Pandemonium.
 64439 | Depths:2 | Noticed a caustic shrike
 64439 | Depths:2 | Noticed a caustic shrike
 64439 | Depths:2 | Noticed a caustic shrike
 64439 | Depths:2 | Noticed a caustic shrike
 64439 | Depths:2 | Noticed a caustic shrike
 64439 | Depths:2 | Noticed a juggernaut
 64454 | Depths:2 | Killed a caustic shrike
 65031 | Depths:2 | Killed a caustic shrike
 65546 | Depths:2 | Found a one-way gate to the infinite horrors of the Abyss.
 66193 | Depths:2 | Killed a caustic shrike
 66194 | Depths:2 | Reached XP level 24. HP: 219/221 MP: 35/35
 66202 | Depths:2 | Killed a caustic shrike
 66248 | Depths:2 | Reached skill level 22 in Shields
 66370 | Depths:2 | Killed a juggernaut
 66733 | Depths:2 | Found a one-way gate to the infinite horrors of the Abyss.
 67268 | Depths:2 | Killed a caustic shrike
 68083 | Depths:3 | Found an iron altar of Okawaru.
 68346 | Depths:3 | Identified the +4 lajatang "Nocem" {flame, Fly rElec Int-5}
 68588 | Depths:4 | Found a transporter.
 68840 | Depths:4 | Found a gate to the Realm of Zot.
 69385 | Slime:1  | Entered Level 1 of the Pits of Slime
 71024 | Vaults:5 | Identified the +0 pair of gloves of Responsibility {rPois
                  | Regen+}
 71117 | Vaults:5 | Noticed Jory
 71799 | Vaults:5 | Noticed a dread lich
 71821 | Vaults:5 | Killed a dread lich
 71857 | Vaults:5 | Killed Jory
 71858 | Vaults:5 | Reached XP level 25. HP: 81/231 MP: 36/36
 72996 | Vaults:5 | Noticed Sojobo
 73054 | Vaults:5 | Paralysed by an air elemental for 1 turns
 73056 | Vaults:5 | Paralysed by an air elemental for 1 turns
 73057 | Vaults:5 | HP: 10/231 [Sojobo/bolt of lightning (13)]
 73569 | Vaults:5 | Reached skill level 23 in Shields
 73581 | Vaults:5 | Paralysed by an air elemental for 1 turns
 73589 | Vaults:5 | Paralysed by an air elemental for 1 turns
 73595 | Vaults:5 | Killed Sojobo
 74302 | Vaults:5 | Identified the +2 chain mail "Dafapho" {Drain rCorr Stlth+}
 74499 | Vaults:5 | Got a silver rune of Zot
 74852 | Crypt:1  | Entered Level 1 of the Crypt
 75036 | Crypt:1  | Noticed Mennas
 75103 | Crypt:1  | Killed Mennas
 75299 | Crypt:1  | Found a shimmering blue altar of Sif Muna.
 76483 | Crypt:1  | Found an ancient bone altar of Kikubaaqudgha.
 77473 | Crypt:3  | Entered Level 3 of the Crypt
 78627 | Crypt:3  | Identified the ring "Odagisa" {Fire rPois Will+}
 79208 | Crypt:3  | Got the Verses on Bodies
 79791 | Crypt:3  | Reached XP level 26. HP: 239/239 MP: 36/36
 79850 | Crypt:3  | Found a staircase to the Tomb.
 79852 | Crypt:3  | Noticed an ancient lich
 79870 | Crypt:3  | Killed an ancient lich
 79875 | Crypt:3  | Noticed a dread lich
 79900 | Crypt:3  | Killed a dread lich
 79936 | Crypt:3  | Reached skill level 15 in Maces & Flails
 79972 | Crypt:3  | Noticed a dread lich
 79987 | Crypt:3  | Killed a dread lich
 79998 | Crypt:3  | Got the Compendium of Fluctuating Breccia
 80662 | Elf:3    | Entered Level 3 of the Elven Halls
 80673 | Elf:3    | Noticed Asterion
 80698 | Elf:3    | Killed Asterion
 81153 | Elf:3    | Identified the +4 great sword of Distraction {heavy, Str-4
                  | Int-3 Dex+6 SInv}
 81158 | Elf:3    | Identified the +11 spear of Untruth {heavy, rF- rN++}
 81158 | Elf:3    | Identified the +0 chain mail of Jeoh {Str+3 Int+4}
 82419 | Elf:3    | Got the Guidebook on the Horrible Fairies
 82478 | Elf:3    | Got the Parchment of Proximity
 82481 | Elf:3    | Got the Secrets of Chthonic Shifting
 82494 | Elf:3    | Identified the ring "Foilal" {rElec Int+6 Dex+3}
 82530 | Elf:3    | Identified the staff of Obiter Dictum {rElec Str+5 Int-3
                  | Air}
 83486 | Elf:1    | Bought a scroll of enchant armour for 90 gold pieces
 83486 | Elf:1    | Bought a scroll of brand weapon for 114 gold pieces
 83548 | Elf:1    | Bought a scroll of enchant weapon for 127 gold pieces
 84482 | Elf:1    | Bought a scroll of enchant weapon for 90 gold pieces
 85292 | Zot:1    | Entered Level 1 of the Realm of Zot
 85849 | Depths:4 | Reached skill level 10 in Dodging
 85972 | Depths:4 | Reached skill level 1 in Translocations
 85984 | Depths:4 | Reached skill level 1 in Spellcasting
 87119 | Zot:1    | Noticed Vv
 87632 | Zot:1    | Killed Vv
 88034 | Zot:1    | Identified the orb "Kuzxistroo" {mayhem, Will+}
 88608 | Zot:2    | Reached skill level 5 in Translocations
 88816 | Zot:2    | Reached skill level 5 in Spellcasting
 88885 | Zot:1    | Learned a level 2 spell: Blink
 89834 | Zot:2    | Reached XP level 27. HP: 246/246 MP: 36/36
 90308 | Elf:1    | Bought a scroll of brand weapon for 104 gold pieces
 93343 | Zot:3    | Learned a level 4 spell: Manifold Assault
 93508 | Zot:3    | Found the +4 dragonskin cloak
 93508 | Zot:3    | Noticed Tiamat
 93553 | Zot:3    | Mangled by a green draconian

Illustrated notes

Levels and vault maps discovered:
D:1:      minmay_arrival_arboretum_small, layout_rooms,
          ebering_ecumenical_altar_sacrificial,
          wander_ebering_terrifying_dragon_lair
D:2:      layout_rooms, dk_noncrumbling_3, uniq_natasha, uniq_robin
D:3:      layout_rooms, mainiacjoe_overflow_catwalk
D:4:      minmay_chambers_of_twos, layout_gridville,
          nicolae_ashenzari_panopticon, st_stairs_4, minivault_5,
          nicolae_shop_sticking_my_neck_out, uniq_ijyb, uniq_duvessa
D:5:      layout_cave_pools, overflow_temple_1_default,
          mainiacjoe_overflow_alcove_2, minmay_temple_entry_butterflies,
          hangedman_abyss_or_decor_lesser_grid, roderic_batcave
D:6:      hellmonk_crumbling_castle, layout_loops_ring,
          trog_three_pillars_becter, fedhas_altar_4
D:7:      layout_cave_pools, minmay_misc_feat_chi
D:8:      layout_rooms, serial_corexii_hall, corexii_hall_statues_u,
          corexii_hall_statues_i, enter_ossuary_4, uniq_grum
D:9:      layout_roguey, lemuel_zombie_altar_kikubaaqudgha,
          nicolae_hepliaklqana_hazy_memory, orc_0_dummy
D:10:     layout_roguey, lemuel_doored_altar, lair_entry_dummy,
          minmay_hedge_maze, kennysheep_decorative_pillar, minmay_bent
D:11:     layout_loops_ring, serial_shops, nicolae_shop_stone,
          gauntlet_entry_generic, nicolae_twisting_strands, grunt_tough_drop,
          uniq_fannar
D:12:     layout_loops_ring, serial_shops, nicolae_shop_dealshenge,
          kennysheep_mini, nicolae_shop_pleasant_corner_grove
D:13:     layout_loops_ring, amcnicky_mini_rare_corridor_liquid
D:14:     layout_small_grid, hellmonk_vaults_attempted_burglary,
          infiniplex_staircase_door_maze, minmay_shop_chei, kennysheep_diamond,
          due_unseen_surprise, uniq_frances
D:15:     gammafunk_enter_depths_forms, layout_cross, abandoned_shop
Temple:   nicolae_temple_bog_church
Lair:1:   lemuel_ratsnest, layout_cave_pods
Lair:2:   nzn_winding_woodlands_stair_trap
          [nzn_winding_woodlands_5x15_sidewinder,
          nzn_winding_woodlands_5x15_pockets,
          nzn_winding_woodlands_5x15_sawtooth,
          nzn_winding_woodlands_15x15_thick_spiral,
          nzn_winding_woodlands_5x15_crooked,
          nzn_winding_woodlands_5x15_default,
          nzn_winding_woodlands_5x15_river_crossing], layout_regular_city,
          nicolae_swamp_entry_splash_gauntlet, minmay_snake_entry_six_corridors,
          uniq_erica, uniq_nergalle, uniq_prince_ribbit2, uniq_gastronok
Lair:3:   layout_roguey, roderic_carrion_pond, nicolae_lair_lil_pond,
          hangedman_lair_generics_rect, uniq_snorg
Lair:4:   layout_cave_pods, minmay_slime_entry_pillars,
          chequers_serial_rivers_small_a, infiniplex_staircase_pool_2,
          lemuel_fruit_fields, uniq_sonja
Lair:5:   hangedman_lair_caniforms_friends, layout_cave_pods, wormcave,
          chequers_serial_rivers_small_b
Swamp:1:  layout_falls_marsh, nicolae_swamp_big_swirl, uniq_kirke
Swamp:2:  layout_basic_swamp, nicolae_swamp_treefoil, uniq_aizul, uniq_mlioglotl
Swamp:3:  layout_basic_swamp, evilmike_swamp_ruin_rubble_2
Swamp:4:  swamp_fiery, layout_basic_swamp, infiniplex_staircase_pool
Snake:1:  layout_grid_maze, portal_ice_cave_entry_horrid_things,
          nicolae_shop_i_like_big_books, nicolae_snake_gridmaze_spiral
Snake:2:  layout_basic, lemuel_fruit_tree, serial_bayou_shore_a, uniq_jorgrun
Snake:3:  layout_chambers, grunt_ministairs_7, grunt_megastairs_2
Snake:4:  grunt_snake_rune_serpentine_throne, layout_misc_corridors,
          uniq_vashnia, uniq_louise
Slime:1:  layout_caves
Orc:1:    layout_caves, uniq_erolcha
Orc:2:    st_orc_open, layout_caves
Elf:1:    layout_geoelf_diagonals, serial_shops, shop, nicolae_lakefront_shop,
          nicolae_shop_peninsula, nicolae_shop_waterfront,
          nicolae_elf_crossing_hall, minmay_shoptagon
Elf:2:    nicolae_elf_blades_crystal_corner, layout_loops_corners,
          grunt_ministairs_7
Elf:3:    minmay_elf_hall_spiked, layout_geoelf_grid, uniq_asterion
Vaults:1: nicolae_vaults_tetromino_T_2, nicolae_vaults_house_1,
          hangedman_vaults_hat, v_misc_17, ontoclasm_vaults_gateway,
          nicolae_vaults_doubleplus_tesselated, v_misc_18, vaults_room_grid,
          vaults_room_corners, nicolae_vaults_wrenched,
          nicolae_vaults_network_s, nicolae_vaults_tetromino_L_1,
          layout_vaults_omnigrid, serial_shops,
          nicolae_shop_tiny_real_fake_doors, shop, nicolae_shop_rolling_square,
          shop, shop
Vaults:2: nicolae_vaults_twisting_passages, minmay_crypt_entry_simple_plaza,
          nicolae_vaults_trapezoid_lopsided_2, grunt_vaults_trifunnel,
          v_misc_22, v_misc_25, v_alt_pattern_1, vaults_mumra_lcd,
          hangedman_vaults_maws, nicolae_vaults_more_shelving_1,
          hangedman_vaults_variations, layout_vaults_omnicross
Vaults:3: grunt_vaults_hallway_long, serial_ice_m, ontoclasm_vaults_ligature,
          nicolae_vaults_storing_the_good_stuff,
          nicolae_vaults_layer_cake_slice, v_misc_17, hangedman_vaults_nails,
          ontoclasm_vaults_bender, ontoclasm_vaults_loading_screen,
          layout_vaults_maze_snakey, uniq_mara, uniq_bai_suzhen, uniq_donald,
          uniq_zenata
Vaults:4: nicolae_vaults_spaceships, grunt_vaults_hallway_short,
          grunt_vaults_twisty, vaults_mumra_minichess_inversion,
          v_alt_pattern_1, ontoclasm_vaults_shout,
          nicolae_vaults_network_square, nicolae_vaults_little_squares_4,
          nicolae_vaults_trapezoid_lopsided_1, layout_vaults_ring
Vaults:5: serial_shops, uniq_sojobo, uniq_jory
Crypt:1:  layout_misc_corridors, serial_library_hellmonk_statue_hall,
          st_stairs_3, grunt_megastairs_4, grunt_crypt_arrival_webbed,
          lemuel_upstairs_altar, uniq_mennas
Crypt:2:  layout_misc_corridors, roderic_lattice_octagonal_star
Crypt:3:  quadcrypt_mu
Depths:1: minmay_rotating_shell, layout_small_grid, enter_ziggurat_c,
          pf_coc_iceberg, kennysheep_crisscross, nicolae_transmutations_shop,
          nicolae_letterblocks [nicolae_letter_subblock,
          nicolae_letter_subblock, nicolae_letter_subblock,
          nicolae_letter_subblock, nicolae_letter_subblock,
          nicolae_letter_subblock, nicolae_letter_subblock,
          nicolae_letter_subblock, nicolae_letter_subblock,
          nicolae_letter_subblock, nicolae_letter_subblock,
          nicolae_letter_subblock, nicolae_letter_subblock,
          nicolae_letter_subblock, nicolae_letter_subblock,
          nicolae_letter_subblock, nicolae_letter_subblock,
          nicolae_letter_subblock, nicolae_letter_subblock,
          nicolae_letter_subblock, nicolae_letter_subblock,
          nicolae_letter_subblock, nicolae_letter_subblock,
          nicolae_letter_subblock, nicolae_letter_subblock]
Depths:2: grunt_deathspiral_small, layout_basic, minmay_misc_feat_tiny,
          pan_entry, nicolae_abyss_entry_one_way_or_another, hell_entry
Depths:3: minmay_textured_paths, layout_gridlike, abyss_entry,
          pf_hell_entry_great_geh, okawaru_gym_becter,
          serial_sigils_hangedman_confine
Depths:4: grunt_zot_entry_tricorne, layout_cave_shapes, hell_entry,
          grunt_pan_entry_spiral, nicolae_transporter_intersection
Zot:1:    layout_onion, uniq_vv
Zot:2:    layout_basic, st_stairs_2, regret_index_zotdec_banners
Zot:3:    layout_twisted_circle, uniq_tiamat

Skill      XL: |  1  2  3  4  5  6  7  8  9 10 11 12 13 14 15 16 17 18 19 20 21 22 23 24 25 26 27 |
---------------+----------------------------------------------------------------------------------+-----
Axes           | 2 |  2.2
Shields        | 3 4 11 15 18 19 21 22 23 | 23.0
Maces & Flails | 1 2 3 4 5 6 7 8 9 11 14 15 | 15.9
Armour         | 3 4 5 6 7 9 10 11 12 14 15 17 18 19 20 | 20.0
Fighting       | 5 6 7 9 10 12 13 15 16 17 19 20 | 20.0
Invocations    | 3 5 7 9 10 12 13 15 16 17 19 20 | 20.0
Evocations     | 2 5 |  5.0
Dodging        | 2 5 6 7 10 | 10.0
Translocations | 6 8 |  8.3
Spellcasting   | 5 7 |  7.0

Action                     |  1- 3 |  4- 6 |  7- 9 | 10-12 | 13-15 | 16-18 | 19-21 | 22-24 | 25-27 || total
---------------------------+-------+-------+-------+-------+-------+-------+-------+-------+-------++-------
  Melee: War axe           |    52 |       |       |       |       |       |       |       |       ||    52
         Demon whip        |    31 |   158 |   401 |   845 |  1867 |  1843 |  1383 |  2268 |  2528 || 11324
  Throw: Boomerang         |       |       |       |     1 |       |       |       |       |       ||     1
 Invoke: Lesser Servant of |       |       |       |     3 |     4 |       |     1 |       |     4 ||    12
         Minor Destruction |       |       |       |    12 |    12 |     9 |       |       |       ||    33
         Major Destruction |       |       |       |       |       |    43 |       |    12 |    20 ||    75
         Greater Servant o |       |       |       |       |       |     2 |     5 |    16 |     6 ||    29
  Evoke: Wand              |       |       |     5 |     3 |       |     7 |       |       |       ||    15
    Use: Scroll            |       |       |     6 |    10 |    13 |    12 |    11 |     8 |    28 ||    88
         Potion            |       |       |     2 |       |       |     4 |     2 |     7 |     8 ||    23
   Stab: Paralysed         |       |       |     3 |       |       |       |       |       |       ||     3
         Distracted        |       |       |       |       |     1 |     1 |       |     4 |     5 ||    11
         Confused          |       |       |       |       |       |       |       |       |     1 ||     1
 Armour: Scale mail        |    60 |    45 |       |       |       |       |       |       |       ||   105
         Chain mail        |       |    46 |   227 |   275 |       |       |       |       |       ||   548
         Plate armour      |       |       |       |   297 |  1297 |  1030 |   522 |   776 |   899 ||  4821
  Dodge: Dodged            |    37 |    56 |   138 |   274 |   418 |   372 |   193 |   211 |   285 ||  1984
  Block: Buckler           |    25 |    30 |    58 |    99 |   201 |   287 |       |       |       ||   700
         Reflection        |       |       |       |       |       |    95 |    79 |    80 |    40 ||   294
         Kite shield       |       |       |       |       |       |   500 |   809 |       |       ||  1309
         Tower shield      |       |       |       |       |       |       |   210 |  2315 |  2717 ||  5242

Table legend: (Time is in decaauts)
 A = Elapsed time spent in this place.
 B = Non-inter-level travel time spent in this place.
 C = Inter-level travel time spent in this place.
 D = Time resting spent in this place.
 E = Time spent auto-exploring this place.
 F = Levels seen in this place.
 G = Mean time per level.
                   A        B        C        D        E       F      G
               +--------+--------+--------+--------+--------+-----+--------+
         Total |  88902 |  76028 |  12874 |  22804 |  35553 |  52 | 1709.7 |
       Dungeon |  20309 |  16411 |   3898 |   4143 |   9115 |  15 | 1353.9 |
        Temple |     28 |      2 |     26 |      0 |      0 |   1 |   28.0 |
          Lair |  12085 |  10686 |   1399 |   3676 |   4707 |   5 | 2417.0 |
         Swamp |   4629 |   4422 |    207 |   1973 |   1448 |   4 | 1157.2 |
     Snake Pit |   8466 |   7748 |    718 |   2797 |   2784 |   4 | 2116.5 |
    Slime Pits |    344 |    317 |     27 |    137 |     79 |   1 |  344.0 |
  Orcish Mines |   3296 |   2990 |    306 |   1313 |   1025 |   2 | 1648.0 |
   Elven Halls |   4424 |   3640 |    784 |    931 |   1905 |   3 | 1474.7 |
        Vaults |  13898 |  11558 |   2340 |   2524 |   6203 |   5 | 2779.6 |
         Crypt |   6439 |   4830 |   1609 |    736 |   2924 |   3 | 2146.3 |
        Depths |   9337 |   8091 |   1246 |   2345 |   3788 |   4 | 2334.2 |
           Zot |   4740 |   4431 |    309 |   1855 |   1366 |   3 | 1580.0 |
       Ossuary |    622 |    622 |      0 |    193 |    203 |   1 |  622.0 |
      Ice Cave |    280 |    280 |      0 |    178 |      5 |   1 |  280.0 |
               +--------+--------+--------+--------+--------+-----+--------+

Top non-repeatable levels by time:
Vaults:4: 3642 daAuts
Vaults:1: 3423 daAuts
  Lair:2: 3324 daAuts
Vaults:2: 2946 daAuts
  Lair:4: 2730 daAuts
Depths:2: 2688 daAuts
  Lair:5: 2653 daAuts
Depths:1: 2644 daAuts
Depths:4: 2640 daAuts
    D:10: 2632 daAuts
 Snake:3: 2553 daAuts
 Crypt:3: 2505 daAuts
   Zot:1: 2504 daAuts
    D:14: 2456 daAuts
Vaults:5: 2327 daAuts
